[Event "Early-Titled-Tuesday-Blitz-December-26-2023"]
[Site "Chess.com"]
[Date "2023.12.26"]
[Round "2"]
[White "Shahdad2007"]
[Black "NoHeThTo"]
[Result "1-0"]
[WhiteElo "2310"]
[BlackElo "2677"]
[TimeControl "180+1"]
[EndTime "8:17:42 PST"]
[Termination "Shahdad2007 won by resignation"]

1. e4 c5 2. Nf3 g6 3. c4 Bg7 4. d4 cxd4 5. Nxd4 Nc6 6. Be3 Nf6 7. Nc3 Ng4 8. Qxg4 Nxd4 9. Qd1 Ne6 10. Rc1 Qa5 11. Qd2 O-O 12. Be2 d6 13. O-O Bd7 14.
Nd5 Qxd2 15. Nxe7+ Kh8 16. Bxd2 Rfe8 17. Nd5 Bc6 18. b3 Nd4 19. Bd3 Bxd5 20. exd5 Ne2+ 21. Bxe2 Rxe2 22. Rcd1 Bd4 23. a4 Rae8 24. Bb4 Be5 25. f4 Bf6 26. Bxd6 Rb2 27. Be5 Bxe5 28. fxe5 Rxe5 29.
Rf2 Rxb3 30. Rxf7 Kg8 31. Rf2 Rb4 32. d6 Re8 33. d7 Rd8 34. Re2 Kf7 35. Rf1+ Kg7 36.
Re7+ Kh6 37. Rff7 Rb1+ 38. Kf2 Rd1 39. h4 Kh5 40. Rxh7+ Kg4 41. Reg7 Kf5 42. Kf3 Rd3+ 43. Ke2 Rd4 44. Rf7+ Kg4 45. Rhg7 Rd6 46. c5 Re6+ 47. Kd3 Kg3 48. Re7 Rxe7 49. Rxe7 Kxg2 50. Kd4 Kg3 51. Kd5 Kxh4 52. Kd6 g5 53. Re8 Rxd7+ 54. Kxd7 g4 55. Rh8+ Kg3 56. Rg8 b6 57. cxb6 axb6 58. Kc6 b5 59.
Kxb5 Kf2 60. a5 g3 61. a6 g2 62. Rxg2+ Kxg2 63. a7 Kf2 64. a8=Q Ke3 65. Kc4 1-0

[Event "Early-Titled-Tuesday-Blitz-December-26-2023"]
[Site "Chess.com"]
[Date "2023.12.26"]
[Round "2"]
[White "margarita_2703"]
[Black "Zavgorodniy_Sergiy"]
[Result "1/2-1/2"]
[WhiteElo "2322"]
[BlackElo "2606"]
[TimeControl "180+1"]
[EndTime "8:17:42 PST"]
[Termination "Game drawn by repetition"]

1. e4 c6 2. d4 d5 3. e5 Bf5 4. Ne2 e6 5. Ng3 Bg6 6. h4 h6 7.
h5 Bh7 8. Bd3 Bxd3 9. cxd3 Qb6 10. Be3 Nd7 11. Nd2 c5 12. Nb3 cxd4 13. Bxd4 Bb4+ 14.
Ke2 Qa6 15. a3 Bf8 16. f4 Ne7 17. Kf2 Nc6 18. Be3 Be7 19. d4 f5 20. Rc1 O-O 21. Ne2 Rac8 22. Rg1 Nb6 23. g4 Nc4 24. gxf5 Rxf5 25.
Rc2 Nxe3 26. Kxe3 Rcf8 27. Nc5 Bxc5 28. Rxc5 Rxh5 29. Qf1 Ne7 30. Rc7 Nf5+ 31. Kd2 Qa5+ 32. Rc3 Rh2 33. Rg2 Rxg2 34. Qxg2 Rc8 35. b4 Qd8 36. Qg6 Qd7 37. Rxc8+ Qxc8 38. Kd3 Qc4+ 39.
Kd2 Nxd4 40. Ng3 Qa2+ 41. Ke3 Nc2+ 42. Kf3 Ne1+ 43. Kg4 d4 44. f5 exf5+ 45. Qxf5 Qf7 46. Qc8+ Kh7 47. e6 Qg6+ 48. Kh3 Nf3 49. e7 Ng5+ 50. Kg2 Qf6 51. e8=Q Qf3+ 52. Kh2 Qf2+ 53. Kh1 Qf3+ 54.
Kh2 Qf2+ 55. Kh1 Qf3+ 56. Kh2 1/2-1/2

[Event "Early-Titled-Tuesday-Blitz-December-26-2023"]
[Site "Chess.com"]
[Date "2023.12.26"]
[Round "2"]
[White "LikeWater"]
[Black "deribas12345"]
[Result "1-0"]
[WhiteElo "2742"]
[BlackElo "2521"]
[TimeControl "180+1"]
[EndTime "8:17:43 PST"]
[Termination "LikeWater won by checkmate"]

1. e4 e6 2. d4 d5 3. exd5 exd5 4. Nf3 c5 5. Bb5+ Nc6 6. O-O Bd6 7. c4 Ne7 8. dxc5 Bxc5 9. cxd5 Qxd5 10. Qxd5 Nxd5 11.
Re1+ Ne7 12. Bxc6+ bxc6 13. Be3 Bxe3 14. Rxe3 Rb8 15.
b3 Be6 16. Nbd2 Nd5 17. Re4 O-O 18. Nd4 Bd7 19. Nc4 Rfe8 20. Ree1 f6 21. f3 c5 22. Ne2 Bb5 23. Rac1 Nb4 24. Nc3 Nd3 25. Rxe8+ Rxe8 26. Rd1 Bxc4 27. bxc4 Nb2 28. Rd7 Nxc4 29. Rxa7 Re1+ 30. Kf2 Rc1 31. Ne4 Rc2+ 32. Kg3 Ne3 33. Nd6 h6 34. a4 g5 35. f4 gxf4+ 36. Kxf4 Nxg2+ 37. Kf5 Rf2+ 38. Kg6 Nh4+ 39. Kxh6 Kf8 40. a5 Rxh2 41. Nc8 Rg2 42. a6 Nf5+ 43. Kh5 Ra2 44.
Nb6 Ng3+ 45. Kg6 Ne4 46. Kf5 Nd6+ 47. Kxf6 Nb5 48. Ra8# 1-0

[Event "Early-Titled-Tuesday-Blitz-December-26-2023"]
[Site "Chess.com"]
[Date "2023.12.26"]
[Round "2"]
[White "MidnightFox"]
[Black "DarkAlekhine"]
[Result "0-1"]
[WhiteElo "2500"]
[BlackElo "2723"]
[TimeControl "180+1"]
[EndTime "8:17:44 PST"]
[Termination "DarkAlekhine won by resignation"]

1. d4 g6 2. e4 Bg7 3. Nf3 d6 4. h3 Nf6 5. Nc3 O-O 6. Be2 Nc6 7. O-O e5 8. d5 Ne7 9. Be3 h6 10. Qd2 Kh7 11. Ne1 c6 12. Rd1 cxd5 13. exd5 Nf5 14. Nd3 Bd7 15. a4 a6 16. Bf3 Rc8 17. Ra1 Qc7 18. a5 Nxe3 19. Qxe3 Ng8 20. Qb6 f5 21. Be2 e4 22. Nf4 Qxb6 23. axb6 Bxc3 24. bxc3 Rxc3 25. Rfc1 Nf6 26. Bf1 Rfc8 27. Ra2 g5 28. Ne2 R3c5 29. Nd4 Nxd5 30. Nb3 Nb4 31. Rb2 Rxc2 32. Rcxc2 Rxc2 33. Rxc2 Nxc2 34. Na5 Bc8 35. Bc4 Nb4 36. Kf1 d5 37. Bb3 Kg6 38. Ke2 Kf6 39. Ke3 Ke5 40. f4+ gxf4+ 41.
Kd2 d4 42. Nc4+ Kf6 43. Nd6 Be6 44. Bxe6 Kxe6 45. Nxb7 Kd5 46. Na5 e3+ 47. Kd1 Nc6 48.
b7 Nb8 49. Nb3 d3 50. Ke1 Kc4 51. Na5+ Kb4 0-1

[Event "Early-Titled-Tuesday-Blitz-December-26-2023"]
[Site "Chess.com"]
[Date "2023.12.26"]
[Round "2"]
[White "BogdanDeac"]
[Black "viktorskliarov"]
[Result "1-0"]
[WhiteElo "3004"]
[BlackElo "2643"]
[TimeControl "180+1"]
[EndTime "8:17:46 PST"]
[Termination "BogdanDeac won by resignation"]

1. b3 Nf6 2. Bb2 g6 3. Nf3 Bg7 4. g3 O-O 5. Bg2 c5 6. c4 Nc6 7.
O-O d6 8. d4 cxd4 9. Nxd4 Bd7 10. Nc2 Qa5 11. Nc3 Rfc8 12. Qd2 Qh5 13. Ne3 Bh3 14.
Ncd5 Bxg2 15. Kxg2 Nxd5 16. Nxd5 Bxb2 17. Qxb2 b5 18.
Nf4 Qe5 19. Qxe5 dxe5 20. cxb5 exf4 21. bxc6 Rxc6 22. Rfc1 Rxc1 23. Rxc1 fxg3 24. hxg3 a5 25. Rc5 h5 26. a4 Kg7 27. Rb5 Kf6 28. f4 Ke6 29.
Kh3 Kf6 30. Kh4 Ra6 31. e4 Ra8 32. Rb6+ e6 33. Rb5 Ke7 34. Kg5 Ra6 35. Rb7+ Ke8 36. Kf6 e5+ 37. Kxe5 Rc6 38. f5 gxf5 39. Kxf5 Rc3 40.
Kf4 Kf8 41. Rb5 Kg7 42. Rxa5 Rxb3 43. Rxh5 Ra3 44. a5 Kg6 45. Rg5+ Kf6 46. Rb5 Kg6 47. g4 Ra4 48. g5 Kg7 49. Ke5 Ra1 50. Kd6 Re1 51.
Kc7 Rxe4 52. a6 Ra4 53. Kb7 Kg6 54. a7 1-0

[Event "Early-Titled-Tuesday-Blitz-December-26-2023"]
[Site "Chess.com"]
[Date "2023.12.26"]
[Round "2"]
[White "vugarrasulov"]
[Black "albi1999"]
[Result "0-1"]
[WhiteElo "2923"]
[BlackElo "2654"]
[TimeControl "180+1"]
[EndTime "8:17:46 PST"]
[Termination "albi1999 won on time"]

1. e4 c5 2. Nf3 a6 3. Nc3 b5 4. d4 e6 5. d5 Bb7 6. Bd3 Nf6 7. O-O b4 8. Na4 exd5 9. exd5 Bxd5 10. Re1+ Be6 11.
Be3 Qa5 12. b3 Be7 13. Ne5 d5 14. f4 O-O 15. Qf3 Qc7 16. Bf2 Re8 17. f5 Bc8 18. Ng4 Nbd7 19. Nxf6+ Nxf6 20. Bg3 Qa7 21. Kh1 Bd7 22.
Be5 Bxa4 23. bxa4 Qd7 24. g4 c4 25. Bf1 Ne4 26. Rad1 Bh4 27. Bg3 Bxg3 28. hxg3 Qc6 29. Kh2 Qh6+ 30. Kg2 Rad8 31. Qf4 Qf6 32. Kh2 h6 33.
Bg2 Nc3 34. Rxe8+ Rxe8 35. Rf1 d4 36. Qf3 Re2 37. Rg1 Rxc2 38. Qa8+ Kh7 39. Qe8 d3 40. Qe3 Re2 41. Qf4 d2 42. Qf3 Qe5 43. f6 Qxf6 44.
Qb7 Qd4 45. Rf1 d1=Q 46. Rxd1 Qxd1 47. Qxf7 Qd3 48. Kh3 Rxg2 49. Kxg2 Qd5+ 50. Qxd5 Nxd5 51. Kf3 b3 0-1

[Event "Early-Titled-Tuesday-Blitz-December-26-2023"]
[Site "Chess.com"]
[Date "2023.12.26"]
[Round "2"]
[White "SergioMoralesG"]
[Black "Timerkhanov"]
[Result "1-0"]
[WhiteElo "2388"]
[BlackElo "2643"]
[TimeControl "180+1"]
[EndTime "8:17:46 PST"]
[Termination "SergioMoralesG won on time"]

1. d4 d5 2. c4 dxc4 3. Nf3 c6 4. e3 Be6 5. a4 Nf6 6. Nc3 a5 7. Ng5 Qc8 8. Nxe6 Qxe6 9. Qe2 Na6 10. Qxc4 Qd7 11.
Be2 Nb4 12. O-O e6 13. f4 Be7 14. Bd2 O-O 15. Rad1 Rac8 16. e4 c5 17. d5 exd5 18.
exd5 Bd6 19. Be1 Rfe8 20. Bf3 Nc2 21. Bh4 Ne3 22. Qb3 Nxf1 23. Rxf1 Ng4 24. Nb5 Bxf4 25.
Qc4 Be3+ 26. Kh1 Ne5 27. Qe4 Ng6 28. Qc4 Ne5 29. Qe4 Nxf3 30. Qxf3 f6 31. Bg3 Rcd8 32.
Nd6 Re7 33. Nf5 Bd4 34. Nxe7+ Qxe7 35. d6 Qf7 36. h3 Re8 37. Kh2 Be5 38. Qg4 Bxg3+ 39.
Qxg3 Qd7 40. Rd1 Re6 41. Qb3 h5 42. Qb6 Kh7 43. Qc7 1-0

[Event "Early-Titled-Tuesday-Blitz-December-26-2023"]
[Site "Chess.com"]
[Date "2023.12.26"]
[Round "2"]
[White "Viktor_Poddubnyi"]
[Black "Manukyan_Artak"]
[Result "1-0"]
[WhiteElo "2375"]
[BlackElo "2619"]
[TimeControl "180+1"]
[EndTime "8:17:49 PST"]
[Termination "Viktor_Poddubnyi won by checkmate"]

1. e4 c6 2. d4 d5 3. exd5 cxd5 4. c4 Nf6 5. Nc3 g6 6. Qb3 Bg7 7. cxd5 O-O 8. Be2 Nbd7 9. Bf3 Nb6 10. Nge2 Bf5 11.
O-O Bd3 12. d6 exd6 13. Bxb7 Rb8 14. Bf3 Re8 15. Qd1 Ba6 16. Re1 Nc4 17. b3 Na5 18. Bf4 Bb7 19. Bxb7 Nxb7 20. Qd2 Rc8 21. Rac1 d5 22. Be5 Nd6 23. f3 Nf5 24. Ng3 Bh6 25.
f4 Nxg3 26. hxg3 Ng4 27. Qd1 f5 28. Qf3 Nxe5 29. dxe5 d4 30. Nd5 Bg7 31. Rxc8 Qxc8 32. Qd3 Qc5 33. Qc4 Qxc4 34. bxc4 Kf7 35. Rd1 Bf8 36.
Kf1 Bc5 37. Rb1 d3 38. Rb7+ Kf8 39. Nf6 Rd8 40. Nxh7+ Kg8 41. Nf6+ Kf8 42. Rd7 Rb8 43. Rxd3 Rb1+ 44. Ke2 Rb2+ 45. Rd2 Rb4 46. Nd7+ Ke7 47. Nxc5 Rxc4 48. Nd3 a5 49. Rb2 Ke6 50. Kd2 Kd5 51. Rb8 Ra4 52. Rd8+ Ke4 53. Nc5# 1-0

[Event "Early-Titled-Tuesday-Blitz-December-26-2023"]
[Site "Chess.com"]
[Date "2023.12.26"]
[Round "2"]
[White "FunnyDuck66"]
[Black "MikeSailer"]
[Result "1/2-1/2"]
[WhiteElo "2480"]
[BlackElo "2176"]
[TimeControl "180+1"]
[EndTime "8:17:50 PST"]
[Termination "Game drawn by repetition"]

1. d4 d5 2. c4 Bf5 3. Nc3 e6 4. cxd5 exd5 5. Qb3 Nc6 6. Qa4 Bb4 7. Nf3 Nf6 8. Bg5 Qd7 9. Bxf6 gxf6 10. e3 Rg8 11. g3 Be4 12. Be2 Qh3 13. O-O-O Bxc3 14. bxc3 a6 15. Rhf1 Qd7 16. Nd2 Bf5 17. Qb3 O-O-O 18. Qa3 Bg6 19. Nb3 Na7 20. Nc5 Qc6 21. Kd2 Nb5 22.
Qb4 Nd6 23. Rb1 Ne4+ 24. Nxe4 Bxe4 25. Bd3 Bxd3 26. Kxd3 b5 27. Ra1 Qc4+ 28. Qxc4 bxc4+ 29. Kd2 Kd7 30. Rab1 Rb8 31. a4 a5 32. Kc2 Rb6 33. Rxb6 cxb6 34. Rb1 Kc6 35. Rb5 Rg5 36. h4 Rf5 37. f4 Rh5 38. Kd2 Rh6 39. Ke2 Rg6 40.
Kf3 f5 41. Rb1 h5 42. Rb5 Rg8 43. Rb1 Rb8 44. Rb5 Rb7 45. g4 fxg4+ 46. Kg3 f5 47. Rb1 Re7 48. Kf2 Rb7 49. Rb5 Rb8 50. Kg3 Rb7 51. Kf2 Re7 52. Rb1 Rg7 53. Kg3 Re7 54. Kf2 1/2-1/2

[Event "Early-Titled-Tuesday-Blitz-December-26-2023"]
[Site "Chess.com"]
[Date "2023.12.26"]
[Round "2"]
[White "Alexander_Donchenko"]
[Black "Ramosha"]
[Result "1-0"]
[WhiteElo "2910"]
[BlackElo "2610"]
[TimeControl "180+1"]
[EndTime "8:17:51 PST"]
[Termination "Alexander_Donchenko won by checkmate"]

1. Nf3 Nf6 2. g3 e6 3. Bg2 Be7 4. O-O O-O 5. d4 d5 6. c4 b6 7. cxd5 exd5 8. Nc3 c6 9. Bf4 Na6 10. Ne5 Bb7 11. e4 Nc7 12. Re1 dxe4 13. Nxe4 Ncd5 14. Bg5 Nxe4 15. Bxe7 Qxe7 16. Bxe4 Qd6 17. Rc1 f6 18. Qh5 f5 19. Bg2 g6 20. Qf3 Rad8 21.
h4 Rfe8 22. h5 Kg7 23. h6+ Kg8 24. Qb3 g5 25. Qf3 Rf8 26. Qh5 Qf6 27. Re2 Rd6 28. Nxc6 Kh8 29. Ne5 Kg8 30. Nc4 Qxh6 31. Qxh6 Rxh6 32.
Re5 Rd8 33. Rxf5 Rg6 34. Ne5 Ne7 35. Rf7 Bxg2 36. Rxe7 Bd5 37. Nxg6 hxg6 38. Rcc7 Bxa2 39. Rxa7 Kf8 40. Rh7 Bg8 41. Rhd7 Re8 42. d5 g4 43. Kf1 Rc8 44. d6 Bc4+ 45. Ke1 Re8+ 46. Re7 Rd8 47.
Rad7 Ra8 48. Kd2 b5 49. Rh7 Bg8 50. Rh8 Re8 51. Re7 Rd8 52. Ke3 Rxd6 53. Ra7 Rd8 54. Kf4 Rc8 55. Kxg4 b4 56. Kg5 Rc5+ 57. Kxg6 Rc6+ 58.
Kg5 Rc5+ 59. Kh4 Rc8 60. f4 b3 61. g4 Rb8 62. f5 Rc8 63. Kh5 Rb8 64. g5 Rc8 65. g6 Rc1 66. Rf7+ Ke8 67. Rxg8# 1-0

[Event "Early-Titled-Tuesday-Blitz-December-26-2023"]
[Site "Chess.com"]
[Date "2023.12.26"]
[Round "2"]
[White "FelixBlohberger"]
[Black "anasta10"]
[Result "1-0"]
[WhiteElo "2779"]
[BlackElo "2549"]
[TimeControl "180+1"]
[EndTime "8:17:51 PST"]
[Termination "FelixBlohberger won by resignation"]

1. Nf3 Nf6 2. c4 g6 3. b3 Bg7 4. Bb2 O-O 5. g3 c5 6. Bg2 d6 7. O-O Nc6 8. Nc3 e5 9. d3 Be6 10. Nd2 Qd7 11. Nd5 Bh3 12. Ne4 Nxe4 13. dxe4 Bxg2 14. Kxg2 f5 15. Qd3 Kh8 16. Rad1 Rad8 17. Rd2 Qf7 18. a3 Nd4 19. Bxd4 exd4 20. exf5 gxf5 21.
e3 Rde8 22. Re2 b6 23. Rfe1 dxe3 24. Rxe3 Rxe3 25. Rxe3 Be5 26. f4 Bd4 27. Re7 Qh5 28. Qf3 Qxf3+ 29. Kxf3 a6 30. Rb7 b5 31. cxb5 axb5 32.
Rxb5 Re8 33. a4 Re1 34. a5 Ra1 35. Ne7 Bc3 36. Nxf5 Kg8 37. Nxd6 Bb4 38. Ne4 Bxa5 39. Nxc5 Be1 40. Nd3 Bc3 41. Rc5 Bd4 42. Rc4 Bg1 43.
h3 Ra2 44. b4 Kf7 45. b5 Ke7 46. Rc7+ Kd6 47. Rxh7 Ra3 48. Ke4 Ra4+ 49. Kf5 Ra5 50. Ne5 Rxb5 51. Rd7+ Kc5 52. Rd3 Bh2 53. h4 Rb8 54. h5 Rf8+ 55. Ke4 Rg8 56. g4 Rf8 57. Nd7+ 1-0

[Event "Early-Titled-Tuesday-Blitz-December-26-2023"]
[Site "Chess.com"]
[Date "2023.12.26"]
[Round "2"]
[White "GAZZAN_3000"]
[Black "semchik73"]
[Result "1-0"]
[WhiteElo "2696"]
[BlackElo "2382"]
[TimeControl "180+1"]
[EndTime "8:17:53 PST"]
[Termination "GAZZAN_3000 won by checkmate"]

1. Nf3 d5 2. e3 c6 3. c4 Nf6 4. b3 g6 5. Bb2 Bg7 6. Be2 O-O 7. O-O Bf5 8. Nc3 Nbd7 9. d4 Ne4 10. Nxe4 Bxe4 11. Nd2 Bf5 12. f4 h5 13. Re1 Nf6 14. Nf1 Ng4 15. Bd3 Qd7 16. Ng3 Bxd3 17. Qxd3 h4 18.
Nf1 Qf5 19. Rad1 Qh5 20. h3 Nh6 21. Qe2 Qf5 22. Nh2 Qe4 23. Nf3 Bf6 24. Nd2 Qe6 25. e4 dxe4 26. Nxe4 Bg7 27. Kh2 Nf5 28. d5 cxd5 29. cxd5 Qb6 30. Bxg7 Kxg7 31. Ng5 Qb4 32.
Qe5+ f6 33. Ne6+ Kf7 34. Qe2 Rfc8 35. Rc1 Qd6 36. Qe4 Ng3 37. Qd3 Nf5 38. Rc4 b5 39. Rxc8 Rxc8 40. Qxb5 g5 41. Qd3 gxf4 42. Qxf5 f3+ 43.
Nf4 f2 44. Qe6+ Kg7 45. Qg4+ Kf7 46. Rf1 Rg8 47. Qe6+ Kf8 48. Qxd6 exd6 49. Rxf2 Kf7 50. Rc2 Rg3 51. Rc7+ Ke8 52. Rxa7 Re3 53. Nh5 Re5 54.
Nxf6+ Kd8 55. Rd7+ Kc8 56. Rxd6 Rf5 57. Re6 Kc7 58. d6+ Kd8 59. Re8# 1-0

[Event "Early-Titled-Tuesday-Blitz-December-26-2023"]
[Site "Chess.com"]
[Date "2023.12.26"]
[Round "2"]
[White "nindjaxx8"]
[Black "Kirill_Klukin"]
[Result "0-1"]
[WhiteElo "2588"]
[BlackElo "2835"]
[TimeControl "180+1"]
[EndTime "8:17:56 PST"]
[Termination "Kirill_Klukin won by resignation"]

1. d4 Nf6 2. c4 Nc6 3. Nc3 e6 4.
Nf3 Bb4 5. Bg5 h6 6. Bh4 g5 7. Bg3 Ne4 8. Rc1 f5 9. Be5 Nxe5 10. Nxe5 O-O 11. e3 d6 12. Nd3 Bxc3+ 13. bxc3 b6 14. Be2 Bb7 15. O-O Qe7 16. f3 Nf6 17. Nf2 e5 18.
Qc2 e4 19. fxe4 Nxe4 20. Nxe4 Bxe4 21. Bd3 Rae8 22. Rce1 Kg7 23. Rf2 Bxd3 24. Qxd3 Qe4 25. Qxe4 Rxe4 26. Rf3 Kg6 27. h3 h5 28. Kf2 Rfe8 29.
g3 h4 30. gxh4 Rxh4 31. Rg1 Reh8 32. Rfg3 R8h5 33. Kg2 Re4 34. Kf2 f4 35. exf4 Rxf4+ 36.
Kg2 Kf5 37. Re1 Rh7 38. Re8 Rf7 39. a4 a5 40. Kg1 c5 41. dxc5 dxc5 42. Rg8 Ke4 43.
R8xg5 Rf1+ 44. Kh2 R1f2+ 45. Rg2 Kd3 46. h4 Kxc3 47. h5 Rxg2+ 48. Kxg2 Kxc4 49. Kg3 Kb4 50. Rg6 Kxa4 51. Rxb6 c4 52. Kg4 Rc7 53. Rb1 c3 54. h6 c2 55. Rc1 Kb3 56. Kg5 Kb2 0-1

[Event "Early-Titled-Tuesday-Blitz-December-26-2023"]
[Site "Chess.com"]
[Date "2023.12.26"]
[Round "2"]
[White "Yushko_Olga"]
[Black "CarlosjPineror"]
[Result "0-1"]
[WhiteElo "2162"]
[BlackElo "2483"]
[TimeControl "180+1"]
[EndTime "8:17:56 PST"]
[Termination "CarlosjPineror won by resignation"]

1. d4 Nf6 2. c4 g6 3. Nc3 Bg7 4. Nf3 O-O 5. Bg5 d6 6. e3 c6 7. Be2 Qe8 8. O-O e5 9. Qc2 h6 10. Bxf6 Bxf6 11. Ne4 Qe7 12. dxe5 dxe5 13. c5 Bg7 14.
Nd6 Bg4 15. Rfd1 Na6 16. h3 Bxf3 17. Bxf3 Rad8 18. a3 f5 19. Be2 e4 20. Bxa6 bxa6 21.
Qc4+ Kh7 22. Rab1 Be5 23. Qxa6 Qc7 24. Nc4 Bg7 25. Rd6 Rc8 26. Rbd1 Rf7 27. b4 Bf8 28.
Re6 Rd7 29. Nd6 Rcd8 30. Qc4 Bg7 31. Rb1 a5 32. b5 cxb5 33. Qxb5 Bf8 34. Rd1 h5 35. Qb6 Qxb6 36. cxb6 Rxd6 37. Rexd6 Rxd6 38. Rb1 Rd8 39. b7 Rb8 40. Rb5 Bxa3 41. Rxa5 Bd6 42. Rb5 Kg7 43. Kf1 Bc7 44. Ke2 Kf7 45. Kd2 Ke7 46. Kc3 Kd6 47. Kd4 Kc6 48. Rc5+ Kxb7 49. Kd5 Re8 50. Rc2 Re5+ 51. Kd4 Rb5 52. g3 Bb6+ 53. Kc4 Rc5+ 54. Kb3 Rxc2 55. Kxc2 Kc6 56. Kd2 Kd5 57. Ke2 Kc4 0-1

[Event "Early-Titled-Tuesday-Blitz-December-26-2023"]
[Site "Chess.com"]
[Date "2023.12.26"]
[Round "2"]
[White "DuleMudule"]
[Black "SharapovEvgeny"]
[Result "1-0"]
[WhiteElo "2931"]
[BlackElo "2577"]
[TimeControl "180+1"]
[EndTime "8:17:59 PST"]
[Termination "DuleMudule won by resignation"]

1. d4 d5 2. c4 c6 3. cxd5 cxd5 4. Nc3 Nf6 5. Bf4 Nc6 6. e3 a6 7. Bd3 Bg4 8. f3 Bh5 9. g4 Bg6 10. h4 Bxd3 11. Qxd3 e6 12. Nge2 Be7 13. Kf2 O-O 14. Rag1 Nd7 15. h5 b5 16. g5 b4 17. Na4 e5 18. dxe5 Ndxe5 19. Qf5 Qc8 20. Qb1 Qe6 21.
Nd4 Nxd4 22. exd4 Nc4 23. Re1 Qd7 24. b3 Na3 25. Qd3 Rae8 26. Nc5 Bxc5 27. dxc5 Nb5 28. h6 g6 29. Be5 Re6 30. f4 d4 31. Re4 Rfe8 32.
Rhe1 Qd5 33. Qc4 Qc6 34. Rxd4 Nxd4 35. Qxd4 f6 36. gxf6 Kf7 37. Rd1 Rxf6 38. Qd7+ Re7 39. Qd4 Rf5 40. Bd6 Qe4 41. Qg7+ Ke8 42. Qxe7+ Qxe7 43. Bxe7 Kxe7 44. Re1+ Kf6 45. Rc1 Rxf4+ 46. Ke3 Rf5 47.
c6 Re5+ 48. Kd4 Re8 49. c7 Rc8 50. Kd5 g5 51. Kd6 Kg6 52. Kd7 Rxc7+ 53. Kxc7 Kxh6 54.
Kb6 g4 55. Kxa6 Kg5 56. Kb5 h5 57. Kxb4 h4 58. a4 g3 59. a5 h3 60. a6 g2 61. a7 h2 62. a8=Q h1=Q 63. Rxh1 1-0

[Event "Early-Titled-Tuesday-Blitz-December-26-2023"]
[Site "Chess.com"]
[Date "2023.12.26"]
[Round "2"]
[White "Evgeny81"]
[Black "malakismayil"]
[Result "1-0"]
[WhiteElo "2763"]
[BlackElo "2548"]
[TimeControl "180+1"]
[EndTime "8:18:02 PST"]
[Termination "Evgeny81 won on time"]

1. d4 Nf6 2. c4 e6 3. Nf3 d5 4.
g3 Be7 5. Bg2 O-O 6. Qc2 dxc4 7.
Qxc4 Nc6 8. O-O Qd5 9. Qc2 Nxd4 10. Nxd4 Qxd4 11. Qxc7 Bd6 12. Qc2 Qc5 13. Qxc5 Bxc5 14.
Nc3 e5 15. Bg5 Nd7 16. Nd5 f6 17. Be3 Bxe3 18. Nxe3 Nc5 19. Rac1 Ne6 20. Bd5 Re8 21. Nf5 Kf8 22. Rfd1 Nd4 23. Nxd4 exd4 24. Rc7 Re7 25. Rxe7 Kxe7 26. Rxd4 Rb8 27. f4 Bd7 28. Kf2 b6 29. e4 Rc8 30. Rc4 Rxc4 31. Bxc4 Kd6 32. b4 h6 33. Ke3 Bc6 34. Kd4 Bb7 35. a3 Bc6 36. Be2 Bb7 37. Bf3 Ke6 38. Bg4+ Ke7 39. Bf5 Kd6 40. e5+ fxe5+ 41. fxe5+ Ke7 42. Be4 Bc8 43. Bd5 Bf5 44. Kc4 Bd7 45. h4 Ba4 46.
Be4 Bd7 47. Kd5 Be8 48. Bf5 Bb5 49. Bc2 Bd7 50. Bd3 Be8 51. b5 Bd7 52. a4 Be8 53. Bf5 Kd8 54. Kd6 Bh5 55. e6 1-0

[Event "Early-Titled-Tuesday-Blitz-December-26-2023"]
[Site "Chess.com"]
[Date "2023.12.26"]
[Round "2"]
[White "bolwin"]
[Black "DishonorOnYourCow"]
[Result "0-1"]
[WhiteElo "2251"]
[BlackElo "2520"]
[TimeControl "180+1"]
[EndTime "8:18:02 PST"]
[Termination "DishonorOnYourCow won by resignation"]

1. Nf3 d5 2. c4 dxc4 3. e3 Nf6 4.
Bxc4 e6 5. d4 c5 6. O-O Nc6 7.
Qe2 a6 8. a4 cxd4 9. Rd1 Be7 10.
exd4 O-O 11. Nc3 Nb4 12. Bg5 Nfd5 13. Bxe7 Nxe7 14. Ne5 Nbd5 15. Ne4 Bd7 16. Qh5 Ng6 17. Ng5 Nf6 18. Qh3 Rc8 19. Bb3 Qe7 20. Re1 Nf4 21. Qh4 Ng6 22. Qh3 Rce8 23. Rad1 Bc6 24. d5 exd5 25.
Nd3 Qd8 26. g3 h6 27. Nf3 d4 28.
Nfe5 Nxe5 29. Nxe5 Re7 30. Bc2 Bd5 31. Qf5 Rfe8 32.
f4 Qd6 33. Rxd4 g6 34. Qh3 Qc5 35. Rd1 Qxc2 36. R4d2 Qf5 37. Qf1 Be4 38. Qf2 Ng4 39. Qc5 Nxe5 40. fxe5 Rxe5 41. Qf2 Qg4 42. Qf4 Qxf4 43.
gxf4 Rf5 44. Rd4 Rxf4 45. Re1 Kg7 46. Rd7 Rg4+ 47. Kf2 Bc6 48. Rc7 Rxe1 49. Kxe1 Rf4 50. Ke2 Rxa4 51. b3 Rb4 52. Kd2 Rxb3 0-1

[Event "Early-Titled-Tuesday-Blitz-December-26-2023"]
[Site "Chess.com"]
[Date "2023.12.26"]
[Round "2"]
[White "GMBenjaminBok"]
[Black "dcremisi"]
[Result "0-1"]
[WhiteElo "2971"]
[BlackElo "2660"]
[TimeControl "180+1"]
[EndTime "8:18:05 PST"]
[Termination "dcremisi won by checkmate"]

1. d4 Nf6 2. c4 e6 3. Nc3 d5 4. cxd5 Nxd5 5. e4 Nxc3 6. bxc3 c5 7. Rb1 cxd4 8. cxd4 Nc6 9. Nf3 Bb4+ 10. Bd2 Bxd2+ 11. Qxd2 O-O 12. Bb5 Bd7 13. O-O a6 14. Be2 b5 15. d5 exd5 16. exd5 Ne7 17. d6 Nf5 18. Rfd1 Be6 19. Ne5 Qf6 20. Nc6 Bd7 21. Rbc1 Rac8 22. Nb4 Rxc1 23. Qxc1 Nd4 24. Bf1 Bg4 25. Nd5 Qe5 26.
Qc5 Ne2+ 27. Bxe2 Qxe2 28. Rf1 h6 29. a3 Be6 30. Ne7+ Kh8 31. h3 Qd3 32. Re1 Rd8 33.
Nc6 Qxd6 34. Qxd6 Rxd6 35. Ne5 Rd4 36. Rc1 Ra4 37. Rc3 a5 38. Rc5 b4 39. axb4 axb4 40. Rb5 Ra1+ 41. Kh2 Rb1 42. Nd3 Bc4 43. Rb8+ Kh7 44.
Nxb4 Rb2 45. f3 Bf1 46. Kg1 Bxg2 47. Nc6 Rxb8 48. Nxb8 Bxf3 49. Kf2 Bb7 50. Kg3 Kg6 51. Nd7 Ba6 52. Ne5+ Kf6 53. Nc6 Bb7 54. Nd4 Ke5 55. Ne2 f5 56. h4 g5 57. hxg5 hxg5 58. Kf2 f4 59. Nc1 g4 60. Nd3+ Kf5 61. Nc5 Bc8 62.
Nd3 g3+ 63. Kg1 Bb7 64. Ne1 f3 65. Nd3 Ba6 66. Nf2 gxf2+ 67. Kxf2 Kf4 68. Ke1 Ke3 69. Kd1 f2 70. Kc2 f1=Q 71. Kb3 Qb5+ 72. Ka3 Qb7 73. Ka2 Bc4+ 74. Ka3 Qb3# 0-1

[Event "Early-Titled-Tuesday-Blitz-December-26-2023"]
[Site "Chess.com"]
[Date "2023.12.26"]
[Round "2"]
[White "AGW2016"]
[Black "GAO"]
[Result "1/2-1/2"]
[WhiteElo "2545"]
[BlackElo "2324"]
[TimeControl "180+1"]
[EndTime "8:18:06 PST"]
[Termination "Game drawn - insufficient material"]

1. d4 Nf6 2. c4 e6 3. Nf3 Bb4+ 4.
Bd2 Qe7 5. g3 Nc6 6. Nc3 d6 7.
Bg2 O-O 8. O-O a5 9. Qc2 Re8 10.
e4 e5 11. d5 Nb8 12. Nb5 Bc5 13. b3 Na6 14. a3 Bb6 15. b4 Bd7 16. Rfe1 c6 17.
dxc6 bxc6 18. Nc3 axb4 19. axb4 Nxb4 20. Qb3 Bc5 21. Na4 Be6 22. Bxb4 Rab8 23. Nxc5 dxc5 24. Bxc5 Qxc5 25. Qc3 Nd7 26. Rec1 f6 27. Ra5 Qb4 28. Qxb4 Rxb4 29. Ra7 Nc5 30. Nd2 Rb2 31. Nf1 Nd3 32. Rd1 Nxf2 33. Rd6 Ng4 34. Bh3 h5 35. Rxc6 Bf7 36.
Rcc7 Rf8 37. Bxg4 hxg4 38. Ne3 Rb1+ 39. Kf2 Rb2+ 40. Ke1 Rb1+ 41. Kd2 Rb2+ 42. Kc3 Rxh2 43. Nf5 Rf2 44. Nd6 Rf3+ 45. Kb4 Rxg3 46. Nxf7 Re3 47. Ng5 Rb8+ 48. Kc5 fxg5 49. Rxg7+ Kf8 50. Rxg5 Rc8+ 51. Kd5 Rd3+ 52. Kxe5 Re8+ 53. Kf4 Re7 54. Ra8+ Kf7 55. Rf5+ Ke6 56. Ra6+ Kd7 57. Rd5+ Rxd5 58. cxd5 g3 59. Ra2 Kd6 60. Rg2 Kc5 61. Rxg3 Kd4 62. d6 Rf7+ 63.
Kg5 Kxe4 64. Kg6 Rd7 65. Rg4+ Kd5 66. Kf5 Kxd6 67. Rd4+ Kc7 68. Rc4+ Kd8 69. Ke6 Re7+ 70. Kf6 Rd7 71. Rc6 Rd1 72. Ke6 Re1+ 73. Kf5 Rf1+ 74.
Ke5 Re1+ 75. Kd4 Rd1+ 76. Ke3 Re1+ 77. Kd2 Re7 78. Rd6+ Rd7 79. Rxd7+ Kxd7 1/2-1/2

[Event "Early-Titled-Tuesday-Blitz-December-26-2023"]
[Site "Chess.com"]
[Date "2023.12.26"]
[Round "2"]
[White "Iball95"]
[Black "Let_it_be_1"]
[Result "1/2-1/2"]
[WhiteElo "2805"]
[BlackElo "2584"]
[TimeControl "180+1"]
[EndTime "8:18:10 PST"]
[Termination "Game drawn by repetition"]

1. e4 e6 2. d4 d5 3. Nc3 Nf6 4. Bd3 c5 5. Nf3 Nc6 6. exd5 Nxd5 7. Nxd5 Qxd5 8. dxc5 Bxc5 9. O-O e5 10. Nxe5 Bxf2+ 11.
Rxf2 Nxe5 12. Qh5 Be6 13. Re2 Qd4+ 14. Be3 Qxb2 15. Rc1 Rc8 16. Rf1 Nxd3 17. cxd3 Qb4 18. h3 O-O 19. Rf4 Qb1+ 20. Kh2 Qxd3 21. Bd4 Qg6 22. Qe5 Rfe8 23. Re3 Bd7 24. Qd5 Rxe3 25. Bxe3 Bc6 26. Qd2 Re8 27. Bd4 Re4 28. Bxa7 h6 29.
Rf3 Re5 30. Rg3 Rg5 31. Rxg5 hxg5 32. Be3 f6 33. Qd8+ Kh7 34. Qd1 Qe4 35. Qd2 Kg6 36.
Bg1 Kh7 37. Qf2 f5 38. Qd2 f4 39. Qf2 Qe5 40. Qd4 Qe2 41. Qf2 Qe4 42. a3 b5 43. Qd2 Kg6 44. Qf2 f3 45. gxf3 Qxf3 46. Qxf3 Bxf3 47. Kg3 Bd5 48. Bc5 Kf5 49. Bb4 g6 50.
Bc3 Bc4 51. Bb4 Be6 52. Ba5 Ke4 53. Bd2 Kf5 54. Bb4 Bc4 55. Bc5 Bd5 56. Bb4 Bc4 57. Bc3 Bd5 58. Bd2 Bc4 59. Bb4 Bd5 60. Bc5 Bc4 61.
Bb4 1/2-1/2